 Dungeon Crawl Stone Soup version 0.28.0-45-g0d030f2227 (webtiles) character file.

Game seed: 10320875820862771708

647 MalarOregon the Skirmisher (level 7, 0/58 HPs)
             Began as a Palentonga Fighter on Apr 19, 2022.
             Was a Follower of Makhleb.
             Slain by Joseph
             ... wielding a +0 quarterstaff
              (2 damage)
             ... on level 8 of the Dungeon.
             The game lasted 00:07:08 (5592 turns).

MalarOregon the Skirmisher (Palentonga Fighter)     Turns: 5592, Time: 00:07:08

Health: 0/58       AC: 16    Str: 21    XL:     7   Next: 27%
Magic:  9/9        EV:  5    Int:  8    God:    Makhleb [*.....]
Gold:   94         SH:  5    Dex: 10    Spells: 6/6 levels left

rFire   . . .      SeeInvis +   a - +2 flail (holy)
rCold   . . .      Faith    .   c - +1 buckler
rNeg    . . .      Spirit   .   u - +0 chain mail
rPois   .          Reflect  .   (no helmet)
rElec   .          Harm     .   t - +0 cloak
rCorr   .          Rampage  .   (no gloves)
Will    .....                   (no barding)
Stlth   ..........              e - amulet of the acrobat
HPRegen 0.19/turn               (no ring)
MPRegen 0.11/turn               (no ring)

@: attractive, curled up
A: large, rugged brown scales 3, see invisible, deformed body, roll 1, armoured
tail, reflexive curl
a: Rolling Charge, Renounce Religion


You were on level 8 of the Dungeon.
You worshipped Makhleb.
Makhleb was aware of your devotion.
You visited 2 branches of the dungeon, and saw 7 of its levels.

You collected 160 gold pieces.
You spent 66 gold pieces at shops.


Innate Abilities, Weirdness & Mutations

You are completely covered in rugged brown scales. (AC +3, +7% HP)
You have supernaturally acute eyesight. (SInv)
Armour fits poorly on your strangely shaped body.
You can roll at nearby foes to attack.
You have a long armoured tail.
You curl defensively after being hit. (AC +7*)


   Skills:
 + Level 4.6 Fighting
 + Level 4.0 Maces & Flails
 + Level 3.8 Armour
 + Level 3.8 Shields
 + Level 3.2 Invocations


You had 6 spell levels left.
You didn't know any spells.
Your spell library contained the following spells:

 Spells                   Type           Power      Damage    Failure   Level
 Slow                     Hex            0%         N/A       99%         1
 Confusing Touch          Hex            0%         N/A       100%        3
 Gell's Gravitas          Tloc           0%         N/A       100%        3
 Lesser Beckoning         Tloc           0%         N/A       100%        3
 Teleport Other           Tloc           0%         N/A       100%        3
 Vampiric Draining        Necr           0%         2d6       100%        3

Inventory:

Hand Weapons
 a - a +2 flail of holy wrath (weapon)
   (You found it on level 4 of the Dungeon)
Missiles
 o - 4 datura-tipped darts (quivered)
 s - 8 poisoned darts
Armour
 c - a +1 buckler (worn)
 t - a +0 cloak (worn)
   (You found it on level 4 of the Dungeon)
 u - a +0 chain mail (worn)
   (You found it on level 4 of the Dungeon)
Jewellery
 e - an amulet of the acrobat (around neck)
   (You found it on level 1 of the Dungeon)
 x - a +6 ring of dexterity
   (You found it on level 4 of the Dungeon)
Wands
 d - a wand of iceblast (6)
   (You found it on level 3 of the Dungeon)
 r - a wand of mindburst (8)
   (You found it on level 4 of the Dungeon)
Scrolls
 b - a scroll of enchant armour
 j - 2 scrolls of teleportation {unknown}
 l - a scroll of vulnerability {unknown}
 m - a scroll of fog {unknown}
 n - a scroll of holy word {unknown}
 w - a scroll of brand weapon {unknown}
Potions
 f - a potion of cancellation
 g - a potion of flight
 h - 2 potions of curing {@q1}
 i - a potion of berserk rage {unknown}
 k - a potion of degeneration {unknown}
 z - a potion of haste {unknown}

Dungeon Overview and Level Annotations

Branches:
Dungeon (5/15)             Temple (1/1) D:4

Altars:
Ashenzari
Cheibriados
Dithmenos
Elyvilon
Fedhas
Gozag
Kikubaaqudgha
Makhleb
Nemelex Xobeh
Okawaru
Qazlal
Ru
Trog
Uskayaw
Vehumet
Wu Jian
Xom
Yredelemnul
Zin
The Shining One

Shops:
D:1 =(   D:2 *

Annotations:
D:8 Joseph

######################
#....................##
##.###.###########..#..##
.......#.## #.###...
......###.# #..#..##
#.####.#@.# ##...##
#..#@# ##### #....#.#
#.##.#.# # #.#.# ..#.#
#.#.# ....# #@..#


You could see Joseph.


Message History

The gnoll hits you from afar with a +0 halberd.
The gnoll hits you but does no damage.
The gnoll hits you from afar with a +0 spear.
You hit the gnoll.
Your tail-slap misses the gnoll.
The gnoll hits you from afar with a +0 halberd!
The gnoll hits you but does no damage. The gnoll barely misses you.
The gnoll hits you from afar with a +0 halberd.
You hit the gnoll but do no damage. You tail-slap the gnoll.
The gnoll hits you with a +0 spear.
* * * LOW HITPOINT WARNING * * *
You block the gnoll's attack.
The gnoll hits you but does no damage. x2
Unknown command.
You hit the gnoll. The gnoll barely misses you.
The gnoll hits you from afar with a +0 halberd.
* * * LOW HITPOINT WARNING * * *
You block the gnoll's attack. The gnoll hits you but does no damage.
You hit the gnoll.
You kill the gnoll!
Makhleb accepts your kill. The gnoll hits you but does no damage.
The gnoll hits you from afar with a +0 spear.
* * * LOW HITPOINT WARNING * * *
The gnoll completely misses you. The gnoll closely misses you.
Unknown command.
You hit the gnoll but do no damage. The gnoll hits you with a +0 halberd.
* * * LOW HITPOINT WARNING * * *
The gnoll barely misses you. The gnoll hits you but does no damage.
You sock the gnoll! The gnoll hits you with a +0 spear.
* * * LOW HITPOINT WARNING * * *
The gnoll hits you with a +0 halberd!
* * * LOW HITPOINT WARNING * * *
You hit the gnoll.
You kill the gnoll!
Makhleb accepts your kill.
You feel better. The gnoll hits you but does no damage.
Unknown command.
You hit the gnoll. You tail-slap the gnoll! The gnoll hits you with a +0 spear.
* * * LOW HITPOINT WARNING * * *
The gnoll hits you with a +0 spear.
* * * LOW HITPOINT WARNING * * *
You hit the gnoll.
You kill the gnoll!
Makhleb accepts your kill.
Unknown command.
Key pressed, stopping explore.
Key pressed, stopping explore.
Key pressed, stopping explore.
Key pressed, stopping explore.
Things that are here:
a +0 spear; a gnoll skeleton
Things that are here:
a +0 halberd; a gnoll skeleton
Found a white potion.
Found an escape hatch in the floor.
z - a white potion Key pressed, stopping explore.
You open the door.
There is an open door here.
You open the door.
There is an open door here.
A quokka comes into view.
A quokka is nearby!
A quokka is nearby!
A quokka is nearby!
You block the quokka's attack.
You sock the quokka!
You kill the quokka!
Makhleb accepts your kill.
No target in view!
As you read the scroll of identify {@r1}, it crumbles to dust.
g - a potion of flight
Okay, then.
An orc comes into view.
It is wielding a +0 whip and carrying a wand of digging (4).
An orc comes into view. It is wielding a +0 mace.
A sourceless malevolence fills the Dungeon...
You fall into a shaft and drop 3 floors!
The shaft crumbles and collapses.
Joseph, a Mercenary comes into view.
He is wielding a +0 quarterstaff.
Joseph shouts!
You hear a shout!
Joseph unwields a +0 quarterstaff.
Joseph wields a +0 hunting sling.
Joseph shoots a sling bullet.
The sling bullet misses you.
You hear a shout! x2
You hear a shout!
You start waiting.
Joseph is nearby!
You hit Joseph.
Joseph unwields a +0 hunting sling.
Joseph wields a +0 quarterstaff.
Joseph hits you with a +0 quarterstaff.
You hit Joseph. Joseph hits you with a +0 quarterstaff!
Joseph shouts, "I love to fight!
I love killing!"
Joseph hits you with a +0 quarterstaff.
You barely miss Joseph. Joseph hits you with a +0 quarterstaff!
You barely miss Joseph. Joseph hits you with a +0 quarterstaff!
* * * LOW HITPOINT WARNING * * *
It was a potion of attraction.
You feel attractive to monsters. Joseph hits you with a +0 quarterstaff!
* * * LOW HITPOINT WARNING * * *
It was a potion of magic.
Magic courses through your body. Joseph hits you with a +0 quarterstaff.
You die...

Skill      XL: |  1  2  3  4  5  6  7 |
---------------+----------------------+-----
Shields        | 3 |  3.8
Armour         | 3 |  3.8
Invocations    | 1 2 3 |  3.2
Maces & Flails | 3 4 |  4.0
Fighting       | 4 |  4.6

Action                   |  1- 3 |  4- 6 |  7- 9 || total
-------------------------+-------+-------+-------++-------
Melee: Flail             |   103 |    64 |    34 ||   201
       Tailslap          |     9 |     7 |     4 ||    20
Throw: Dart              |     2 |     2 |       ||     4
Evoke: Wand              |       |     5 |       ||     5
  Use: Scroll            |     3 |       |     1 ||     4
       Potion            |     1 |     1 |     2 ||     4
Armor: Scale mail        |    40 |     7 |       ||    47
       Chain mail        |       |    14 |    21 ||    35
Dodge: Dodged            |    49 |    23 |     9 ||    81
Block: Buckler           |    25 |    14 |    11 ||    50

Levels and vault maps discovered:
D:1:      psy_arrival_heroes, layout_basic, serial_shops, shop, shop,
          st_stairs_4
D:2:      layout_basic, serial_shops, nicolae_shop_statue_plus,
          chequers_ecumenical_altar_simple_redux
D:3:      layout_loops_ring, nicolae_overflows_in_rows
D:4:      layout_loops_ring, minmay_temple_entry_statues_pillars,
          ebering_ghost_reflecting_pool, sigmund_army
D:5:      layout_gridville, uniq_ijyb, uniq_pikel
D:8:      layout_loops_ring, beargit_hepliaklqana_dungeon_heroes,
          dpeg_oklobed_lair, serial_shops, shop, shop, nicolae_shop_waterfront,
          uniq_erica, uniq_maurice, uniq_joseph
Temple:   compressed_dpeg_triangle_lava_temple

Notes
Turn   | Place    | Note
-------+----------+-------------------------------------------
     0 | D:1      | MalarOregon the Palentonga Fighter began the quest for the
                  | Orb.
     0 | D:1      | Reached XP level 1. HP: 19/19 MP: 1/1
   175 | D:1      | Found Evotoawk's Antique Weapon Shop.
   184 | D:1      | Found Ereatsog's Jewellery Shoppe.
   190 | D:1      | Reached XP level 2. HP: 25/25 MP: 2/2
   601 | D:2      | Found Oguiq's Assorted Antiques.
   686 | D:2      | Bought a bubbling amethyst potion for 21 gold pieces
   686 | D:2      | Bought a sedimented blue potion for 21 gold pieces
   937 | D:2      | Bought a scroll labelled BAK OSOAQAIM for 24 gold pieces
   987 | D:2      | Found a faded altar of an unknown god.
  1032 | D:2      | Reached XP level 3. HP: 31/31 MP: 3/3
  1784 | D:3      | Found an iron altar of Okawaru.
  1786 | D:3      | Found a shimmering altar of Xom.
  1788 | D:3      | Found a white marble altar of Elyvilon.
  1788 | D:3      | Found a blossoming altar of Fedhas.
  1789 | D:3      | Found a snail-covered altar of Cheibriados.
  1789 | D:3      | Found an ancient bone altar of Kikubaaqudgha.
  1806 | D:3      | Found a hide-covered altar of Uskayaw.
  1806 | D:3      | Found a radiant altar of Vehumet.
  1807 | D:3      | Found an ornate altar of the Wu Jian Council.
  1808 | D:3      | Found a burning altar of Makhleb.
  1808 | D:3      | Found a basalt altar of Yredelemnul.
  1819 | D:3      | You pick up a book of Displacement and begin reading...
  1819 | D:3      | You add the spells Lesser Beckoning, Gell's Gravitas and
                  | Teleport Other to your library.
  1827 | D:3      | Became a worshipper of Makhleb the Destroyer
  2316 | D:3      | Reached skill level 3 in Shields
  2316 | D:3      | Reached XP level 4. HP: 13/38 MP: 4/4
  2799 | D:3      | Reached skill level 3 in Armour
  3253 | D:4      | Noticed an ogre
  3328 | D:4      | Found a staircase to the Ecumenical Temple.
  3330 | D:4      | Reached skill level 1 in Invocations
  3361 | Temple   | Entered the Ecumenical Temple
  3676 | D:4      | HP: 8/39 [ogre/+0 giant club (9)]
  3677 | D:4      | Killed an ogre
  3678 | D:4      | Reached skill level 3 in Maces & Flails
  3678 | D:4      | Reached XP level 5. HP: 9/44 MP: 4/6
  4056 | D:4      | Noticed Sigmund
  4060 | D:4      | Killed Sigmund
  4061 | D:4      | Reached skill level 4 in Fighting
  4061 | D:4      | Reached skill level 2 in Invocations
  4061 | D:4      | Reached XP level 6. HP: 51/51 MP: 7/7
  4514 | D:4      | Found a runed translucent door.
  4516 | D:4      | Noticed P0NYSLAYSTATION's ghost (amateur HOFi)
  4769 | D:4      | You pick up a book of Debilitation and begin reading...
  4769 | D:4      | You add the spells Slow, Vampiric Draining and Confusing
                  | Touch to your library.
  4928 | D:4      | Killed P0NYSLAYSTATION's ghost
  4929 | D:4      | Reached skill level 3 in Invocations
  4929 | D:4      | Gained mutation: You curl defensively after being hit. (AC
                  | +7*) [Palentonga growth]
  4929 | D:4      | Reached XP level 7. HP: 51/58 MP: 9/9
  4985 | D:5      | Entered Level 5 of the Dungeon
  5009 | D:5      | Reached * piety under Makhleb
  5174 | D:5      | Reached skill level 4 in Maces & Flails
  5216 | D:5      | HP: 12/58 [gnoll/+0 halberd (8)]
  5550 | D:5      | You fall into a shaft and drop 3 floors!
  5577 | D:8      | Noticed Joseph
  5591 | D:8      | HP: 2/58 [Joseph/+0 quarterstaff (14)]
  5592 | D:8      | Slain by Joseph

Vanquished Creatures
  The ghost of P0NYSLAYSTATION the Skirmisher, an amateur HOFi of Ashenzari (D:4)
  An ogre (D:4)
  An orc priest (D:3)
  3 iguanas
  A hound skeleton (D:5)
  7 gnolls
  5 adders
  2 worms
  3 dart slugs
  4 orcs
  8 ball pythons
  4 endoplasms
  3 giant cockroaches
  2 goblins
  8 hobgoblins
  5 kobolds
  A quokka (D:5)
  A bat (D:1)
  2 frilled lizards
  3 rats
65 creatures vanquished.

Vanquished Creatures (collateral kills)
  Sigmund (D:4)
  2 orcs
3 creatures vanquished.

Vanquished Creatures (others)
  A gnoll (D:4)
  An orc (D:3)
2 creatures vanquished.

Grand Total: 70 creatures vanquished

Table legend:
 A = Non-vault XP
 B = Vault XP
 C = Vault XP percentage of total XP
 D = Non-vault monster count
 E = Vault monster count
 F = Vault count percentage of total count
                 A         B        C        D         E       F
            +---------+---------+-------+---------+---------+-------
      Total |     550 |     375 |  40.5 |      64 |       5 |   7.2
            +---------+---------+-------+---------+---------+-------
        D:1 |      23 |       3 |  11.5 |      12 |       2 |  14.3
        D:2 |      28 |       0 |   0.0 |      13 |       0 |   0.0
        D:3 |      78 |       0 |   0.0 |      12 |       0 |   0.0
        D:4 |     292 |     372 |  56.0 |      19 |       3 |  13.6
        D:5 |     129 |       0 |   0.0 |       8 |       0 |   0.0
            +---------+---------+-------+---------+---------+-------

Illustrated notes

Table legend:
 A = Kills in this place as a percentage of kills in entire the game.
 B = Kills by you in this place as a percentage of kills by you in the entire game.
 C = Kills by friends in this place as a percentage of kills by friends in the entire game.
 D = Other kills in this place as a percentage of other kills in the entire game.
 E = Experience gained in this place as a percentage of experience gained in the entire game.
 F = Experience gained in this place divided by the number of levels of this place that you have seen.
                   A       B       C       D       E      F
               +-------+-------+-------+-------+-------+----------------------
         Total | 100.0 | 100.0 | 100.0 | 100.0 | 100.0 | 132.1
       Dungeon | 100.0 | 100.0 | 100.0 | 100.0 | 100.0 | 154.2
               +-------+-------+-------+-------+-------+----------------------

Table legend: (Time is in decaauts)
 A = Elapsed time spent in this place.
 B = Non-inter-level travel time spent in this place.
 C = Inter-level travel time spent in this place.
 D = Time resting spent in this place.
 E = Time spent auto-exploring this place.
 F = Levels seen in this place.
 G = Mean time per level.
                   A        B        C        D        E       F      G
               +--------+--------+--------+--------+--------+-----+--------+
         Total |   5652 |   5312 |    340 |    444 |   4127 |   7 |  807.4 |
       Dungeon |   5360 |   5029 |    331 |    444 |   3853 |   6 |  893.3 |
        Temple |    291 |    282 |      9 |      0 |    274 |   1 |  291.0 |
               +--------+--------+--------+--------+--------+-----+--------+

Top non-repeatable levels by time:
     D:4: 1649 daAuts
     D:3: 1416 daAuts
     D:2: 1115 daAuts
     D:5: 571 daAuts
     D:1: 564 daAuts
  Temple: 291 daAuts
     D:8: 42 daAuts
